Map: Jagannatha LE

Players

vamisbawss

  • Race: Terran Terran
  • Spawn Location: 7:00

ViBE - Winner!

  • Race: Protoss Protoss
  • League: Bronze
  • Spawn Location: 1:00

VOD

https://www.youtube.com/watch?v=VjhJ7E-kFgw&list=PLFeZeom2b4DnD3FIu7pzkXl51JX_WWz2h&index=2

Description

Time

  • Played on: March 10, 2021, 8:56 p.m.
  • Length: 11:56
Show
View Real Time Build Order
Export as new Build Order

vamisbawss Terran 

Build Orders:  

Get SALT Encoding   

  12  0:01  SCV  
  13  0:21  Supply Depot  
  13  0:31  SCV  
  14  0:43  SCV  
  15  0:55  SCV  
  16  1:07  SCV  
  16  1:09  Supply Depot  
  17  1:20  SCV, Barracks  
  18  1:31  Supply Depot  
  18  1:32  SCV  
  19  1:34  Refinery  
  19  1:44  SCV  
  20  1:48  Engineering Bay  
  20  1:56  SCV  
  20  1:59  Refinery  
  21  2:08  SCV  
  22  2:20  SCV  
  23  2:32  SCV  
  23  2:34  Supply Depot  
  24  2:41  Command Center  
  24  2:45  Marine  
  25  2:56  Factory  
  25  3:02  Terran Infantry Weapons Level 1  
  25  3:03  Marine  
  26  3:14  Orbital Command  
  26  3:21  Marine  
  27  3:39  Reaper  
  28  3:43  SCV  
  29  3:50  Factory Tech Lab  
  29  3:55  SCV  
  30  3:57  Refinery  
  30  4:07  SCV  
  30  4:08  Barracks  
  31  4:11  Reaper  
  31  4:13  SCV  
  33  4:19  SCV  
  34  4:25  SCV  
  34  4:31  SCV  
  36  4:37  SCV, Command Center  
  37  4:40  Siege Tank  
  37  4:43  Marine  
  41  4:49  SCV  
  42  5:01  Marine, SCV  
  44  5:12  Siege Tank  
  44  5:13  SCV  
  48  5:16  Refinery  
  48  5:17  Refinery, Supply Depot  
  48  5:19  Marine  
  49  5:25  SCV  
  49  5:28  Barracks Reactor  
  50  5:37  Marine, SCV  
  52  5:44  Siege Tank  
  52  5:49  SCV  
  54  6:02  SCV  
  55  6:14  SCV  
  55  6:15  Factory  
  56  6:27  SCV  
  57  6:36  Marine x2  
  57  6:39  SCV  
  63  6:40  Siege Tank  
  63  6:52  SCV  
  64  6:54  Marine x2  
  66  7:01  Factory Tech Lab  
  66  7:04  SCV  
  67  7:11  Terran Infantry Armor Level 1  
  67  7:12  Marine x2, Siege Tank  
  72  7:16  SCV, Armory  
  73  7:29  Barracks Tech Lab  
  73  7:30  Marine x2  
  73  7:34  Siege Tank  
  81  7:44  Siege Tank  
  81  7:48  Marine x2  
  77  8:05  Marine  
  77  8:06  Marine  
  78  8:16  Siege Tank  
  78  8:21  Marauder  
  78  8:26  Thor  
  83  8:31  SCV  
  84  8:43  SCV  
  85  8:55  Supply Depot x3  
  85  8:56  Supply Depot  
  85  8:57  Supply Depot  
  85  9:02  Supply Depot  
  85  9:03  Supply Depot  
  85  9:04  Supply Depot  
  85  9:05  Supply Depot  
  85  9:09  Supply Depot  
  85  9:16  Thor  
  85  9:17  SCV, Siege Tank, Marauder  
  97  9:29  SCV  
  92  9:38  Marauder  
  92  9:41  SCV  
  93  9:59  Thor  
  101  10:00  Marauder  
  78  10:21  Marauder  
  69  10:42  Marauder  
Show
View Real Time Build Order
Export as new Build Order

ViBE Protoss - Winner!

Build Orders: 1 Gate Expand 

Get SALT Encoding   

  12  0:00  Probe  
  13  0:12  Probe  
  14  0:22  Pylon  
  14  0:26  Probe  
  15  0:40  Probe  
  16  0:44  Gateway  
  16  0:52  Probe (Chrono Boost)  
  16  0:56  Assimilator  
  17  1:03  Probe (Chrono Boost)  
  18  1:08  Probe (Chrono Boost)  
  19  1:18  Probe  
  20  1:26  Nexus  
  20  1:34  Cybernetics Core  
  20  1:38  Assimilator  
  20  1:41  Probe  
  21  1:50  Pylon  
  21  1:57  Probe  
  22  2:09  Probe  
  22  2:13  Stalker, Warp Gate  
  25  2:21  Probe  
  26  2:27  Pylon  
  26  2:33  Probe  
  27  2:43  Stalker  
  29  2:44  Probe  
  29  2:45  Probe  
  31  2:56  Robotics Facility  
  31  2:58  Gateway  
  31  3:05  Probe x2  
  33  3:20  Probe x2  
  35  3:34  Probe x2 (Chrono Boost)  
  37  3:40  Stalker  
  39  3:46  Probe (Chrono Boost)  
  39  3:47  Observer, Probe (Chrono Boost)  
  39  3:48  Stalker  
  44  3:54  Probe x2 (Chrono Boost)  
  46  4:09  Nexus  
  46  4:12  Pylon  
  46  4:20  Probe x2  
  48  4:34  Stalker x2  
  48  4:35  Immortal  
  56  4:46  Probe x2  
  58  4:58  Probe x2  
  58  4:59  Assimilator x2  
  60  5:04  Pylon  
  60  5:07  Pylon  
  60  5:11  Pylon, Probe x2  
  66  5:21  Immortal  
  66  5:22  Probe  
  66  5:23  Probe x2  
  68  5:47  Stalker x2  
  68  5:48  Probe (Chrono Boost)  
  68  5:49  Probe (Chrono Boost)  
  74  5:50  Probe (Chrono Boost)  
  75  5:58  Probe (Chrono Boost)  
  75  5:59  Probe x2 (Chrono Boost)  
  75  6:03  Immortal  
  81  6:07  Probe x2  
  81  6:08  Probe  
  84  6:12  Stalker x2  
  88  6:23  Pylon  
  88  6:37  Gateway  
  88  6:39  Gateway  
  88  6:41  Gateway  
  88  6:43  Probe  
  88  6:44  Probe  
  88  6:45  Probe  
  91  6:51  Stalker  
  91  6:52  Stalker  
  91  6:53  Immortal  
  99  7:00  Probe  
  99  7:01  Probe x2  
  102  7:07  Assimilator  
  102  7:10  Assimilator  
  102  7:12  Pylon  
  102  7:15  Pylon, Probe x3  
  104  7:20  Pylon  
  105  7:23  Pylon  
  105  7:25  Stalker  
  105  7:26  Stalker  
  109  7:33  Probe  
  109  7:34  Probe x2  
  111  7:52  Immortal  
  111  7:55  Stalker  
  111  7:56  Stalker  
  111  7:57  Stalker  
  119  7:58  Stalker  
  119  7:59  Nexus  
  119  8:00  Pylon, Stalker  
  119  8:03  Pylon  
  123  8:08  Twilight Council  
  123  8:10  Probe x2  
  123  8:11  Forge, Probe  
  124  8:20  Pylon  
  124  8:22  Stalker  
  124  8:23  Stalker  
  124  8:24  Stalker  
  124  8:25  Stalker  
  124  8:26  Stalker  
  134  8:32  Immortal  
  138  8:45  Probe x2  
  138  8:46  Probe  
  138  8:47  Protoss Ground Weapons Level 1  
  141  8:49  Stalker  
  141  8:50  Stalker  
  141  8:51  Stalker  
  141  8:52  Stalker  
  141  8:53  Stalker  
  151  9:14  Immortal  
  151  9:15  Stalker  
  151  9:16  Stalker  
  159  9:17  Stalker  
  159  9:18  Stalker  
  159  9:19  Stalker  
  163  9:34  Probe  
  163  9:35  Probe x2  
  163  9:36  Probe  
  167  9:47  Nexus  
  167  9:48  Pylon  
  167  9:51  Pylon  
  167  10:00  Stalker x2  
  167  10:01  Stalker  
  167  10:02  Stalker  
  167  10:03  Stalker  
  167  10:05  Immortal  
  161  10:22  Pylon  
  161  10:24  Stalker  
  161  10:25  Stalker  
  161  10:26  Stalker  
  161  10:27  Pylon, Stalker  
  160  10:28  Stalker  
  162  10:37  Probe  
  162  10:38  Probe  
  162  10:39  Probe  
  162  10:40  Probe  
  166  11:02  Robotics Facility  
  166  11:04  Gateway  
  166  11:07  Gateway  
  166  11:09  Gateway  
  166  11:11  Gateway  
  166  11:13  Gateway  
  166  11:17  Gateway  
  166  11:19  Gateway  
  166  11:23  Gateway  
  166  11:25  Gateway  
  166  11:27  Gateway, Stalker  
  166  11:28  Stalker  
  166  11:29  Stalker  
  166  11:30  Gateway, Stalker  
  166  11:31  Stalker  
  176  11:33  Gateway  
  176  11:36  Gateway  
  176  11:39  Probe  
  185  11:40  Gateway x2, Probe x4  
  185  11:47  Assimilator x2  
  186  11:52  Pylon  
  186  11:54  Gateway x2  
Tags
 
League
Bronze
Matchup
PvT
Player
ViBE
Replay Pack
Bronze_League
Spawn Locations
Cross Positions
Add a new tag
Caveats
  • Supply blocks, unpowered buildings, or Contaminate may cause inaccurate times.
  • Supply counts are checked every 10 seconds.